 Dungeon Crawl Stone Soup version 0.29-a0-398-ge13fd1374b (webtiles) character file.

Game seed: 15267644279117061181

2720 croobank the Covert (level 9, -3/74 HPs)
             Began as a Gnoll Delver on May 12, 2022.
             Was an Initiate of Gozag.
             Slain by a cyan ugly thing (13 damage)
             ... on level 9 of the Dungeon.
             The game lasted 00:38:11 (9229 turns).

croobank the Covert (Gnoll Delver)                  Turns: 9229, Time: 00:38:12

Health: -3/74      AC:  6    Str: 12    XL:     9   Next: 66%
Magic:  6/15       EV: 15    Int: 13    God:    Gozag
Gold:   1283       SH:  0    Dex: 14    Spells: 4/16 levels left

rFire   + + +      SeeInvis .   a - +1 war axe (vamp)
rCold   + + .      Faith    .   (no shield)
rNeg    . . .      Spirit   .   i - +2 robe {rC+ rF+}
rPois   +          Reflect  .   (no helmet)
rElec   +          Harm     .   (no cloak)
rCorr   +          Rampage  .   x - +1 pair of gloves {infuse}
Will    .....                   (no boots)
Stlth   +++++.....              (no amulet)
HPRegen 0.22/turn               k - ring of flight
MPRegen 0.14/turn               (no ring)

@: resistant, flying
A: fangs 1, strong nose, distributed training, talons 1, fire resistance 1
a: Renounce Religion, Potion Petition, Call Merchant, Bribe Branch


You were on level 9 of the Dungeon.
You worshipped Gozag.
Gozag was most pleased with you.
You visited 2 branches of the dungeon, and saw 10 of its levels.
You also visited: Ossuary.

You collected 1320 gold pieces.
You paid 37 gold pieces to Gozag.

Inventory:

Hand Weapons
 a - a +1 vampiric war axe (weapon)
 b - a +0 hunting sling of venom
 s - a +2 short sword of draining
 B - a +0 long sword
 C - a +3 scimitar
 D - a +3 battleaxe
 G - a +3 mace of freezing
Missiles
 j - 355 stones (quivered)
 t - 6 boomerangs
 v - 16 poisoned darts
Armour
 i - a +2 robe of resistance (worn)
 p - a +0 ring mail
 x - a +1 pair of gloves of infusion (worn)
 y - a +0 leather armour
 A - a +2 robe of willpower
Magical Staves
 l - a staff of poison
 n - a staff of cold
Jewellery
 k - a ring of flight (left hand)
Wands
 g - a wand of digging (2)
Scrolls
 c - 5 scrolls of fog
 f - 2 scrolls of teleportation
 h - 4 scrolls of immolation
 m - 2 scrolls of magic mapping
 r - 2 scrolls of fear
 F - 2 scrolls of identify
Potions
 d - 3 potions of haste
 e - 3 potions of curing
 o - 2 potions of brilliance
 q - a potion of resistance
 u - 2 potions of mutation
 w - 2 potions of flight
 z - a potion of lignification
 E - a potion of heal wounds


   Skills:
 + Level 8.0 Fighting
 + Level 4.4 Short Blades
 + Level 4.4 Long Blades
 + Level 6.5 Axes
 + Level 4.4 Maces & Flails
 + Level 4.4 Polearms
 + Level 4.4 Staves
 + Level 4.4 Slings
 + Level 4.4 Bows
 + Level 4.4 Crossbows
 + Level 4.4 Throwing
 + Level 4.4 Armour
 + Level 6.5 Dodging
 + Level 10.6 Stealth
 + Level 4.4 Shields
 + Level 4.4 Unarmed Combat
 + Level 4.4 Spellcasting
 + Level 3.7 Conjurations
 + Level 3.7 Hexes
 + Level 3.7 Summonings
 + Level 3.7 Necromancy
 + Level 3.7 Translocations
 + Level 3.7 Transmutations
 + Level 3.7 Fire Magic
 + Level 3.7 Ice Magic
 + Level 3.7 Air Magic
 + Level 3.7 Earth Magic
 + Level 3.7 Poison Magic
 + Level 4.9 Invocations
 + Level 4.4 Evocations


You had 4 spell levels left.
You knew the following spells:

 Your Spells              Type           Power      Damage    Failure   Level
a - Apportation           Tloc           24%        N/A       4%          1
b - Summon Small Mammal   Summ           48%        N/A       4%          1
c - Dazzling Flash        Conj/Hex       24%        N/A       13%         3
d - Teleport Other        Tloc           12%        N/A       13%         3
e - Iskenderun's Mystic   Conj/Tloc      12%        2d5       41%         4

Your spell library contained the following spells:

 Spells                   Type           Power      Damage    Failure   Level
 Animate Skeleton         Necr           24%        N/A       4%          1
 Corpse Rot               Necr/Air       24%        N/A       7%          2
 Sublimation of Blood     Necr           12%        N/A       7%          2
 Wereblood                Tmut           12%        N/A       7%          2
 Gell's Gravitas          Tloc           12%        N/A       13%         3
 Lesser Beckoning         Tloc           12%        N/A       13%         3
 Passage of Golubria      Tloc           12%        N/A       41%         4
 Excruciating Wounds      Necr           6%         N/A       77%         5
 Summon Forest            Summ/Tloc      6%         N/A       77%         5
 Starburst                Conj/Fire      6%         6d4       100%        6
 Haunt                    Necr/Summ      6%         N/A       100%        7
 Summon Hydra             Summ           6%         N/A       100%        7
 Necromutation            Tmut/Necr      6%         N/A       100%        8


Dungeon Overview and Level Annotations

Branches:
Dungeon (9/15)             Temple (1/1) D:4         Ossuary (visited)
   Lair: D:8-11         Orc: D:9-12

Altars:
Cheibriados
Elyvilon
Fedhas
Gozag
Makhleb
Okawaru
Trog
Xom
Yredelemnul
Zin
The Shining One

Shops:
D:6 [   D:7 *

Annotations:
D:6 3 runed translucent doors, Chaicat's ghost, novice DsMo; quinnr's ghost, weakling TeAE; qwertyui's ghost, novice MiFi; spaghetti's ghost, novice GnBe
D:7 Joseph


Innate Abilities, Weirdness & Mutations

You have very sharp teeth.
Your uncanny sense of smell can sniff out nearby items.
Your experience applies equally to all skills.
You have sharp toenails.
Your flesh is heat resistant. (rF+)


Message History

Aim: a cyan ugly thing (lightly wounded, ally target, chance to affect: 33%)
The cyan ugly thing easily resists.
Your quokka bites the cyan ugly thing.
The cyan ugly thing trunk-slaps your quokka.
The cyan ugly thing shocks your quokka!
Your quokka dies!
Your quokka's corpse disappears in a puff of smoke!
The cyan ugly thing gurgles horribly!
Okay, then.
You feel protected.
You feel much better. The cyan ugly thing trunk-slaps you.
The cyan ugly thing shocks you. You resist.
You hit the cyan ugly thing.
You feel better.
Your kick misses the cyan ugly thing.
You bite the cyan ugly thing, but do no damage.
The cyan ugly thing is lightly wounded.
The cyan ugly thing trunk-slaps you! The cyan ugly thing shocks you.
You resist.
You hit the cyan ugly thing but do no damage.
The cyan ugly thing is lightly wounded.
The cyan ugly thing trunk-slaps you but does no damage.
You hit the cyan ugly thing.
You claw the cyan ugly thing, but do no damage.
The cyan ugly thing is moderately wounded.
The cyan ugly thing closely misses you.
You hit the cyan ugly thing.
You claw the cyan ugly thing, but do no damage.
You punch the cyan ugly thing.
The cyan ugly thing is moderately wounded.
The cyan ugly thing trunk-slaps you. The cyan ugly thing shocks you.
You resist.
You closely miss the cyan ugly thing. Your kick misses the cyan ugly thing.
You bite the cyan ugly thing, but do no damage.
The cyan ugly thing is moderately wounded.
The cyan ugly thing trunk-slaps you!
* * * LOW HITPOINT WARNING * * *
The cyan ugly thing shocks you. You resist.
* * * LOW HITPOINT WARNING * * *
The cyan ugly thing trunk-slaps you!
You die...
Your body crumbles into a pile of gold.

#. #.. #.# #.#
#.# ∆ #.#
##.####.#
#....@u.#
#..####.#
#.....#.#
#...#########.#
#.............
###..#.#..###.#
.....#........#
#########.######
#.#


You could see a cyan ugly thing.

Vanquished Creatures
  A wraith (Ossuary)
  2 steam dragons
  An acid dragon (D:8)
  2 water moccasins
  Duvessa (D:7)
  An ice beast (D:7)
  An orc warrior (D:6)
  A sky beast (D:7)
  An ogre (D:6)
  A black bear (D:7)
  A centaur (D:8)
  2 phantoms (D:5)
  A kobold brigand (D:7)
  7 wights
  Dowan (D:7)
  An electric eel (D:6)
  3 hounds
  4 iguanas
  4 orc wizards
  3 mummies (Ossuary)
  8 adders
  2 dart slugs
  17 orcs
  10 endoplasms
  2 giant cockroaches
  5 goblins
  10 hobgoblins
  6 jackals (D:1)
  3 quokkas
  6 ball pythons
  6 bats
  5 frilled lizards
  4 goblin zombies (Ossuary)
  2 hobgoblin zombies (Ossuary)
  15 kobolds
  2 kobold zombies (Ossuary)
  10 rats
152 creatures vanquished.

Vanquished Creatures (collateral kills)
  Sigmund (D:5)
1 creature vanquished.

Vanquished Creatures (others)
  2 withered plants (D:6)
2 creatures vanquished.

Grand Total: 155 creatures vanquished

Notes
Turn   | Place    | Note
-------+----------+-------------------------------------------
     0 | D:5      | Reached skill level 9 in Stealth
     0 | D:5      | croobank the Gnoll Delver began the quest for the Orb.
     0 | D:5      | Reached XP level 1. HP: 23/23 MP: 1/1
    29 | D:5      | Noticed an iguana
   108 | D:4      | Found a sand-covered staircase.
   115 | Ossuary  | Entered an ossuary
   115 | Ossuary  | Noticed a wraith
   115 | Ossuary  | Noticed a wraith
   115 | Ossuary  | Noticed a wraith
   210 | Ossuary  | Gained mutation: You have sharp toenails. [potion of
                  | mutation]
   210 | Ossuary  | Gained mutation: Your flesh is heat resistant. (rF+)
                  | [potion of mutation]
   215 | Ossuary  | Reached XP level 2. HP: 9/29 MP: 2/2
   651 | Ossuary  | Noticed a wraith
   657 | Ossuary  | Killed a wraith
   658 | Ossuary  | Reached skill level 1 in Short Blades
   658 | Ossuary  | Reached skill level 1 in Long Blades
   658 | Ossuary  | Reached skill level 1 in Maces & Flails
   658 | Ossuary  | Reached skill level 1 in Polearms
   658 | Ossuary  | Reached skill level 1 in Staves
   658 | Ossuary  | Reached skill level 1 in Slings
   658 | Ossuary  | Reached skill level 1 in Bows
   658 | Ossuary  | Reached skill level 1 in Crossbows
   658 | Ossuary  | Reached skill level 1 in Throwing
   658 | Ossuary  | Reached skill level 1 in Armour
   658 | Ossuary  | Reached skill level 1 in Shields
   658 | Ossuary  | Reached skill level 1 in Unarmed Combat
   658 | Ossuary  | Reached skill level 1 in Spellcasting
   658 | Ossuary  | Reached skill level 1 in Conjurations
   658 | Ossuary  | Reached skill level 1 in Hexes
   658 | Ossuary  | Reached skill level 1 in Summonings
   658 | Ossuary  | Reached skill level 1 in Necromancy
   658 | Ossuary  | Reached skill level 1 in Translocations
   658 | Ossuary  | Reached skill level 1 in Transmutations
   658 | Ossuary  | Reached skill level 1 in Fire Magic
   658 | Ossuary  | Reached skill level 1 in Ice Magic
   658 | Ossuary  | Reached skill level 1 in Air Magic
   658 | Ossuary  | Reached skill level 1 in Earth Magic
   658 | Ossuary  | Reached skill level 1 in Poison Magic
   658 | Ossuary  | Reached skill level 1 in Invocations
   658 | Ossuary  | Reached skill level 1 in Evocations
   658 | Ossuary  | Reached XP level 3. HP: 25/35 MP: 2/5
   658 | Ossuary  | Reached XP level 4. HP: 30/41 MP: 2/6
   658 | Ossuary  | Reached XP level 5. HP: 34/47 MP: 2/7
   780 | D:4      | Found a staircase to the Ecumenical Temple.
   798 | Temple   | Entered the Ecumenical Temple
   809 | Temple   | Became a worshipper of Gozag Ym Sagoz the Greedy
  1871 | D:2      | Reached XP level 6. HP: 49/53 MP: 8/8
  2971 | D:1      | Reached skill level 5 in Axes
  2971 | D:1      | Reached skill level 5 in Dodging
  3301 | D:4      | Learned a level 1 spell: Apportation
  3303 | D:4      | Learned a level 1 spell: Summon Small Mammal
  3388 | D:4      | Found a blossoming altar of Fedhas.
  3572 | D:4      | Found a burning altar of Makhleb.
  3808 | D:5      | Reached XP level 7. HP: 45/59 MP: 10/10
  3990 | D:5      | Found a shimmering altar of Xom.
  3990 | D:5      | Found a basalt altar of Yredelemnul.
  3991 | D:5      | Found a glowing golden altar of the Shining One.
  4138 | D:5      | Noticed Sigmund
  4148 | D:5      | Killed Sigmund
  4149 | D:5      | Reached skill level 10 in Stealth
  4925 | D:5      | Learned a level 3 spell: Dazzling Flash
  4929 | D:5      | Learned a level 3 spell: Teleport Other
  5113 | D:6      | Found Dantush's Armour Emporium.
  5129 | D:6      | Reached XP level 8. HP: 38/67 MP: 9/12
  5693 | D:6      | Learned a level 4 spell: Iskenderun's Mystic Blast
  5974 | D:6      | Found a runed translucent gate.
  5974 | D:6      | Found a runed translucent gate.
  5974 | D:6      | Found a runed translucent gate.
  5975 | D:6      | Noticed Chaicat's ghost (novice DsMo)
  5975 | D:6      | Noticed spaghetti's ghost (novice GnBe)
  5976 | D:6      | Noticed qwertyui's ghost (novice MiFi)
  5976 | D:6      | Noticed quinnr's ghost (weakling TeAE)
  6468 | D:6      | Identified a scroll of acquirement
  6468 | D:6      | Acquired the Volume of Spatial Unholy Magic
  6531 | D:7      | Noticed Dowan
  6533 | D:7      | Noticed Duvessa
  6897 | D:7      | Killed Duvessa
  6912 | D:7      | Killed Dowan
  7393 | D:7      | Found Otwonaf's Neck Hole.
  7424 | D:7      | Reached XP level 9. HP: 27/68 MP: 8/14
  7889 | D:7      | Noticed Joseph
  7939 | D:7      | Found a burning altar of Makhleb.
  9081 | D:8      | Found a white marble altar of Elyvilon.
  9185 | D:9      | Noticed a hornet
  9213 | D:9      | Noticed a cyan ugly thing
  9229 | D:9      | Slain by a cyan ugly thing

Illustrated notes

Levels and vault maps discovered:
D:1:      dpeg_arrival_long_road, layout_basic, serial_glass, glass_columns_a,
          glass_columns_a, hex_tiny, dreamdust_princess_bridge,
          hangedman_decor_points
D:2:      layout_rooms, minmay_pentomino_q2
D:3:      layout_basic
D:4:      layout_basic, mainiacjoe_overflow_alcove_2,
          minmay_temple_entry_offerings, nicolae_ossuary_entry_ruins,
          grunt_ministairs_7, kennysheep_flooded_box
D:5:      layout_layer_cave, gammafunk_temple_overflow_claw, uniq_sigmund
D:6:      layout_basic, gammafunk_ghost_cemetery, nicolae_wooded_promenade
D:7:      layout_basic, makhleb_blood_cavern_becter, palyth_stone_intersect,
          minmay_misc_feat_rows, nicolae_shop_sticking_my_neck_out, uniq_joseph,
          uniq_duvessa
D:8:      layout_cave_pools, mainiacjoe_overflow_surrounded_room
D:9:      layout_loops_corners, ashenzari_altar_1, lemuel_tele_altar,
          nicolae_ru_awakened_eye
Temple:   nicolae_temple_god_jail

Skill      XL: |  1  2  3  4  5  6  7  8  9 |
---------------+----------------------------+-----
Stealth        | 10 | 10.6
Short Blades   | 1 2 3 4 |  4.4
Long Blades    | 1 2 3 4 |  4.4
Maces & Flails | 1 2 3 4 |  4.4
Polearms       | 1 2 3 4 |  4.4
Staves         | 1 2 3 4 |  4.4
Slings         | 1 2 3 4 |  4.4
Bows           | 1 2 3 4 |  4.4
Crossbows      | 1 2 3 4 |  4.4
Throwing       | 1 2 3 4 |  4.4
Armour         | 1 2 3 4 |  4.4
Shields        | 1 2 3 4 |  4.4
Unarmed Combat | 1 2 3 4 |  4.4
Spellcasting   | 1 2 3 4 |  4.4
Conjurations   | 1 2 3 |  3.7
Hexes          | 1 2 3 |  3.7
Summonings     | 1 2 3 |  3.7
Necromancy     | 1 2 3 |  3.7
Translocations | 1 2 3 |  3.7
Transmutations | 1 2 3 |  3.7
Fire Magic     | 1 2 3 |  3.7
Ice Magic      | 1 2 3 |  3.7
Air Magic      | 1 2 3 |  3.7
Earth Magic    | 1 2 3 |  3.7
Poison Magic   | 1 2 3 |  3.7
Invocations    | 1 2 3 4 |  4.9
Evocations     | 1 2 3 4 |  4.4
Axes           | 5 6 |  6.5
Dodging        | 5 6 |  6.5
Fighting       | 7 8 |  8.0

Action                   |  1- 3 |  4- 6 |  7- 9 || total
-------------------------+-------+-------+-------++-------
Melee: Hand axe          |    38 |    24 |       ||    62
       Bite              |     6 |    12 |    22 ||    40
       Punch             |     2 |     1 |     6 ||     9
       Kick              |     3 |    31 |    78 ||   112
       War axe           |       |   132 |   206 ||   338
 Cast: Summon Small Mamm |       |     1 |    17 ||    18
       Apportation       |       |       |     4 ||     4
       Dazzling Flash    |       |       |     3 ||     3
       Teleport Other    |       |       |     1 ||     1
Evoke: Wand              |       |       |    11 ||    11
  Use: Potion            |     4 |       |     6 ||    10
       Scroll            |     6 |     4 |    10 ||    20
 Stab: Sleeping          |     2 |    19 |     9 ||    30
       Distracted        |       |     2 |     1 ||     3
       Invisible         |       |       |     1 ||     1
Armor: Leather armour    |     2 |    16 |       ||    18
       Robe              |       |     5 |    53 ||    58
Dodge: Dodged            |    13 |    92 |   149 ||   254

Table legend: (Time is in decaauts)
 A = Elapsed time spent in this place.
 B = Non-inter-level travel time spent in this place.
 C = Inter-level travel time spent in this place.
 D = Time resting spent in this place.
 E = Time spent auto-exploring this place.
 F = Levels seen in this place.
 G = Mean time per level.
                   A        B        C        D        E       F      G
               +--------+--------+--------+--------+--------+-----+--------+
         Total |   9301 |   9042 |    259 |   2272 |   4161 |  11 |  845.5 |
       Dungeon |   8648 |   8398 |    250 |   2083 |   4117 |   9 |  960.9 |
        Temple |     20 |     11 |      9 |      0 |      1 |   1 |   20.0 |
       Ossuary |    632 |    632 |      0 |    189 |     43 |   1 |  632.0 |
               +--------+--------+--------+--------+--------+-----+--------+

Top non-repeatable levels by time:
     D:7: 1906 daAuts
     D:6: 1562 daAuts
     D:5: 1362 daAuts
     D:3: 887 daAuts
     D:8: 758 daAuts
     D:1: 740 daAuts
     D:4: 687 daAuts
     D:2: 652 daAuts
 Ossuary: 632 daAuts
     D:9: 90 daAuts
  Temple: 20 daAuts
